 Dungeon Crawl Stone Soup version 0.29.1-13-g9f3cf754e1 (webtiles) character file.

Game seed: 6276806193294729455

3068 cowcol the Cleaver (level 9, -2/70 HPs)
             Began as a Minotaur Monk on Feb 3, 2023.
             Was a Believer of Hepliaklqana.
             Slain by a vault guard
             ... wielding a +0 broad axe
              (20 damage)
             ... in a bailey.
             The game lasted 00:19:32 (7666 turns).

cowcol the Cleaver (Minotaur Monk)                  Turns: 7666, Time: 00:19:34

Health: -2/70      AC: 24    Str: 18    XL:     9   Next: 58%
Magic:  8/8        EV:  9    Int: 11    God:    Hepliaklqana [**....]
Gold:   254        SH:  0    Dex: 13    Spells: 8/8 levels left

rFire   . . .      SeeInvis .   a - +0 war axe
rCold   . . .      Faith    .   (no shield)
rNeg    . . .      Spirit   .   o - +4 chain mail
rPois   +          Reflect  .   y - +2 hat
rElec   .          Harm     .   F - +0 cloak
rCorr   .          Rampage  .   H - +0 pair of gloves
Will    .....                   z - +0 pair of boots
Stlth   ..........              (no amulet)
HPRegen 0.21/turn               l - +4 ring of protection
MPRegen 0.11/turn               r - ring of poison resistance

@: mighty, flying, studying Ranged Weapons
A: reduced essence, horns 2, retaliatory headbutt, clever 1, sense surroundings
1, wild magic 1
a: Renounce Religion, Recall Ancestor, Ancestor Identity


You were in a bailey.
You worshipped Hepliaklqana.
Hepliaklqana was pleased with you.
You visited 2 branches of the dungeon, and saw 8 of its levels.
You also visited: Bailey.

You collected 254 gold pieces.

Inventory:

Hand Weapons
 a - a +0 war axe (weapon)
 b - a +1 vorpal shortbow
 e - a +0 hand axe
 g - a +0 short sword
 j - a +0 spear
 k - a +0 club
 u - a +0 falchion
 B - a +0 morningstar
Missiles
 h - 81 stones (quivered)
 x - 5 poisoned darts
Armour
 i - a +0 leather armour
 o - a +4 chain mail (worn)
 y - a +2 hat (worn)
 z - a +0 pair of boots (worn)
 A - a +0 robe
 F - a +0 cloak (worn)
 H - a +0 pair of gloves (worn)
Jewellery
 l - a +4 ring of protection (left hand)
 r - a ring of poison resistance (right hand)
Wands
 t - a wand of digging (7)
Scrolls
 d - 2 scrolls of poison
 p - 3 scrolls of teleportation
 w - a scroll of butterflies
 C - a scroll of identify
 D - a scroll of magic mapping {unknown}
Potions
 c - a potion of ambrosia
 f - a potion of flight
 m - a potion of haste
 n - a potion of attraction {unknown}
 q - a potion of curing {unknown}
 s - 3 potions of might
 v - 2 potions of invisibility {unknown}
 E - a potion of heal wounds {unknown}
 G - a potion of degeneration {unknown}


   Skills:
 + Level 6.5 Fighting
 * Level 6.0 Long Blades
 + Level 10.3 Axes
 + Level 2.3 Ranged Weapons
 + Level 1.1 Throwing
 * Level 7.4 Armour
 + Level 5.1 Dodging
 + Level 2.9 Stealth


You had 8 spell levels left.
You didn't know any spells.
Your spell library contained the following spells:

 Spells                   Type           Power      Damage    Failure   Level
 Apportation              Tloc           0%         N/A       99%         1
 Necrotise                Necr           0%         1d4       99%         1
 Summon Small Mammal      Summ           0%         N/A       99%         1


Dungeon Overview and Level Annotations

Branches:
Dungeon (7/15)             Temple (1/1) D:5          Bailey (1/1)

Altars:
Cheibriados
Dithmenos
Elyvilon
Fedhas
Gozag
Hepliaklqana
Kikubaaqudgha
Makhleb
Nemelex Xobeh
Okawaru
Qazlal
Ru
Sif Muna
Trog
Uskayaw
Wu Jian
Xom
Yredelemnul
Zin
The Shining One

Annotations:
Bailey Prince Ribbit


Innate Abilities, Weirdness & Mutations

Your life essence is reduced to manifest your ancestor. (-10% HP)
You have a pair of horns on your head.
You reflexively headbutt those who attack you in melee.
Your mind is acute. (Int +4, Str/Dex -1)
You passively map a small area around you.
Your spells are a little harder to cast, but a little more powerful.


Message History

You hit the vault guard.
The vault guard is moderately wounded.
You hit the bullfrog. You closely miss the vault guard.
The bullfrog barely misses you.
The vault guard hits you with a +0 broad axe.
* * * LOW HITPOINT WARNING * * *
The bullfrog closely misses you.
You are confused.
You feel invigorated.
The vault guard hits you with a +0 broad axe.
The bullfrog barely misses you.
The vault guard hits you with a +0 broad axe!
* * * LOW HITPOINT WARNING * * *
You're too confused to move!
Your surroundings seem slightly different.
The bullfrog barely misses you.
Prince Ribbit hops awkwardly around.
The bullfrog hits you but does no damage.
The vault guard hits you but does no damage.
Okay, then.
You are too confused!
Unknown command.
The vault guard attacks as you move away!
The vault guard hits you but does no damage.
Prince Ribbit attacks as you move away!
Prince Ribbit hits you but does no damage.
You see here a green potion.
It was a potion of flight.
You feel very buoyant.
You fly up into the air.
You feel less invigorated.
You feel less confused.
The vault guard hits you with a +0 broad axe.
Prince Ribbit blinks!
It was a potion of might.
You feel very mighty all of a sudden. The bullfrog hits you.
The vault guard hits you with a +0 broad axe!
* * * LOW HITPOINT WARNING * * *
The vault guard hits you with a +0 broad axe!!
You die...

#~~~......~~~≈#
##....~.....~~≈##
#.≈≈≈~F....~~~~≈#
#F###≈~..~..~~~≈#
#..~##≈~....~~~≈#
#~..~#≈~....~~~≈#
##~..##≈~..~~~~≈#
#~pp!#≈~..~~~≈##
, ##F@?#≈~.~≈≈~≈#
#####≈~.≈##≈##,
#≈~..≈####
#≈~).≈#..+ ,
###)###..##*#+##
#.....#...##~~~#
#.....#...#~~~~~
#..####...#~~~~~
#....#.)..#~~~


You could see 2 vault guards, Prince Ribbit and a bullfrog.

Vanquished Creatures
  Sigmund (D:5)
  2 humans (Bailey)
  A steam dragon (D:6)
  An orc warrior (D:7)
  2 sky beasts (D:7)
  2 black bears
  3 centaurs
  2 scorpions
  6 bullfrogs (Bailey)
  2 orc priests (D:6)
  2 hounds
  A jelly (D:4)
  Terence (D:2)
  3 iguanas (D:5)
  2 orc wizards (D:6)
  Robin (D:3)
  12 gnolls
  10 adders
  A shadow imp (D:6)
  An ufetubus (D:5)
  2 worms
  2 dart slugs
  10 orcs
  9 endoplasms
  4 giant cockroaches
  15 goblins
  17 hobgoblins
  8 kobolds
  A quokka (D:2)
  7 ball pythons
  3 bats
  A frilled lizard (D:1)
  3 rats
138 creatures vanquished.

Vanquished Creatures (collateral kills)
  A human (Bailey)
  An orc warrior (D:7)
  An ice beast (D:7)
  An ogre (D:7)
  4 bullfrogs (Bailey)
  A shadow imp (D:7)
  An ufetubus (D:6)
  3 orcs (D:7)
  A goblin (Bailey)
14 creatures vanquished.

Vanquished Creatures (others)
  2 battlemagi (Bailey)
  2 plants (D:5)
  2 withered plants (D:3)
6 creatures vanquished.

Grand Total: 158 creatures vanquished

Notes
Turn   | Place    | Note
-------+----------+-------------------------------------------
     0 | D:1      | cowcol the Minotaur Monk began the quest for the Orb.
     0 | D:1      | Reached XP level 1. HP: 19/19 MP: 0/0
   581 | D:1      | Reached XP level 2. HP: 25/27 MP: 1/1
   655 | D:1      | Reached skill level 4 in Axes
   956 | D:1      | Reached XP level 3. HP: 30/33 MP: 2/2
  1023 | D:1      | Found a faded altar of an unknown god.
  1568 | D:2      | Reached skill level 1 in Armour
  1753 | D:2      | Reached XP level 4. HP: 40/40 MP: 3/3
  1882 | D:2      | Found a stormy altar of Qazlal.
  2014 | D:2      | Noticed Terence
  2029 | D:2      | Killed Terence
  2636 | D:3      | Reached XP level 5. HP: 46/46 MP: 4/4
  2648 | D:3      | Reached skill level 5 in Axes
  2745 | D:3      | You fall into a shaft and drop 2 floors!
  2745 | D:5      | Entered Level 5 of the Dungeon
  2883 | D:3      | Found an ancient bone altar of Kikubaaqudgha.
  3029 | D:3      | Noticed Robin
  3045 | D:3      | Killed Robin
  3426 | D:3      | Gained mutation: Your mind is acute. (Int +4, Str/Dex -1)
                  | [potion of mutation]
  3426 | D:3      | Gained mutation: Your mind is very acute. (Int +8, Str/Dex
                  | -2) [potion of mutation]
  3426 | D:3      | Gained mutation: Your magical capacity is low. (-10% MP)
                  | [potion of mutation]
  3438 | D:3      | Lost mutation: Your magical capacity is low. (-10% MP)
                  | [potion of mutation]
  3438 | D:3      | Lost mutation: Your mind is very acute. (Int +8, Str/Dex
                  | -2) [potion of mutation]
  3438 | D:3      | Lost mutation: Your mind is acute. (Int +4, Str/Dex -1)
                  | [potion of mutation]
  3438 | D:3      | Gained mutation: You passively map a small area around you.
                  | [potion of mutation]
  3438 | D:3      | Gained mutation: Your mind is acute. (Int +4, Str/Dex -1)
                  | [potion of mutation]
  3438 | D:3      | Gained mutation: Your spells are a little harder to cast,
                  | but a little more powerful. [potion of mutation]
  3512 | D:3      | Reached XP level 6. HP: 50/53 MP: 5/5
  3538 | D:3      | Reached skill level 1 in Long Blades
  3923 | D:4      | Reached skill level 6 in Axes
  4777 | D:5      | Noticed Sigmund
  4808 | D:5      | Killed Sigmund
  4809 | D:5      | Reached XP level 7. HP: 47/60 MP: 6/6
  4894 | D:5      | Found a glowing silver altar of Zin.
  5073 | D:5      | Reached skill level 7 in Axes
  5414 | D:5      | Found a staircase to the Ecumenical Temple.
  5429 | D:5      | Reached skill level 1 in Throwing
  5432 | Temple   | Entered the Ecumenical Temple
  5594 | D:5      | Reached skill level 5 in Fighting
  5752 | D:6      | Reached skill level 1 in Ranged Weapons
  5766 | D:6      | Reached skill level 5 in Armour
  5787 | D:6      | Reached XP level 8. HP: 41/68 MP: 7/7
  5978 | D:6      | Reached skill level 8 in Axes
  6260 | D:6      | Found a burning altar of Makhleb.
  6556 | D:6      | Found a glowing golden altar of the Shining One.
  6607 | D:6      | Found a shimmering blue altar of Sif Muna.
  6607 | D:6      | Found a hazy altar of Hepliaklqana.
  6611 | D:6      | Became a worshipper of Hepliaklqana the Forgotten
  6611 | D:6      | Reached * piety under Hepliaklqana
  6611 | D:6      | Reached ** piety under Hepliaklqana
  6612 | D:6      | Remembered your ancestor Sunngifu as a battlemage
  6903 | D:7      | Reached skill level 9 in Axes
  6936 | D:7      | Reached skill level 5 in Long Blades
  6944 | D:7      | Identified a scroll of acquirement
  6944 | D:7      | Acquired a manual of Ranged Weapons
  7162 | D:7      | Reached XP level 9. HP: 59/67 MP: 8/8
  7340 | D:7      | Found a flagged portal.
  7349 | Bailey   | Entered a bailey
  7491 | Bailey   | Reached skill level 10 in Axes
  7491 | Bailey   | Reached skill level 5 in Dodging
  7638 | Bailey   | Noticed a vault guard
  7638 | Bailey   | Noticed Prince Ribbit
  7649 | Bailey   | Noticed a vault guard
  7666 | Bailey   | Slain by a vault guard

Illustrated notes

Levels and vault maps discovered:
D:1:      mrwooster_arrival_arrow, layout_loops_ring,
          shapermc_ecumenical_altar_mp_vishouse, st_stairs_2
D:2:      layout_basic, basic_altar, serial_glass, glass_columns_a,
          glass_columns_b, glass_columns_c, glass_columns_a, glass_columns_b,
          minmay_pentomino_v2, uniq_terence
D:3:      layout_basic, kiku_gazebo_garden_becter, uniq_robin
D:4:      layout_basic, hangedman_abyss_or_decor_stagger
D:5:      layout_loops_ring, mainiacjoe_overflow_brackets,
          minmay_temple_entry_gardened_gates, uniq_sigmund
D:6:      layout_cave_pools, tso_altar, mainiacjoe_overflow_chevrons,
          gammafunk_temple_overflow_wave
D:7:      layout_basic, enter_bailey_8, serial_curves, eino_curves_03,
          eino_curves_03, eino_curves_01, eino_curves_01
Temple:   hellmonk_temple_forest_ring
Bailey:   bailey_axe_froggy_fort_hellmonk, bailey

Skill      XL: |  1  2  3  4  5  6  7  8  9 |
---------------+----------------------------+-----
Axes           | 4 5 6 7 9 10 | 10.3
Fighting       | 4 5 6 |  6.5
Dodging        | 4 5 |  5.1
Armour         | 1 2 4 5 6 7 |  7.4
Long Blades    | 2 3 5 6 |  6.0
Stealth        | 2 |  2.9
Throwing       | 1 |  1.1
Ranged Weapons | 1 2 |  2.3

Action                   |  1- 3 |  4- 6 |  7- 9 || total
-------------------------+-------+-------+-------++-------
Melee: War axe           |    52 |   150 |   156 ||   358
       Hand axe          |     3 |       |       ||     3
       Punch             |     2 |       |     2 ||     4
       Headbutt          |     7 |    27 |    24 ||    58
 Fire: Shortbow          |       |       |     6 ||     6
Throw: Stone             |     4 |    20 |     4 ||    28
Invok: Recall Ancestor   |       |       |     1 ||     1
       Ancestor Life: Ba |       |       |     1 ||     1
  Use: Scroll            |     2 |     4 |     2 ||     8
       Potion            |       |     2 |     4 ||     6
 Stab: Sleeping          |     1 |     1 |       ||     2
       Distracted        |       |       |     2 ||     2
Armor: Robe              |     2 |       |       ||     2
       Leather armour    |    16 |     3 |       ||    19
       Chain mail        |       |    97 |   161 ||   258
Dodge: Dodged            |    51 |    72 |    91 ||   214
